Map: Pillars of Gold LE

Players

Oreo

  • Race: Zerg Zerg
  • Spawn Location: 7:00

Ranger - Winner!

  • Race: Protoss Protoss
  • Spawn Location: 1:00

Event: DreamHack SC2 Masters 2020 Winter

VOD

Have the link to the VOD?

Description

Time

  • Played on: Oct. 10, 2020, 9:57 p.m.
  • Length: 13:19

All games in this series

Show
View Real Time Build Order
Export as new Build Order

Oreo Zerg 

Build Orders: Hatch First 

Get SALT Encoding   

  12  0:00  Drone  
  13  0:12  Overlord  
  13  0:17  Drone  
  14  0:31  Drone x2  
  16  0:50  Hatchery  
  16  0:52  Drone  
  16  0:56  Drone  
  17  1:00  Drone  
  18  1:09  Extractor  
  17  1:15  Spawning Pool  
  16  1:18  Drone  
  16  1:23  Drone  
  18  1:28  Drone  
  19  1:39  Drone  
  20  1:51  Overlord  
  20  2:01  Queen  
  20  2:02  Queen, Zergling x4  
  26  2:11  Drone  
  26  2:12  Drone  
  28  2:25  Drone  
  28  2:26  Drone  
  30  2:33  Hatchery  
  29  2:40  Pneumatized Carapace  
  29  2:42  Drone  
  30  2:44  Drone  
  30  2:49  Overlord  
  31  2:56  Queen  
  33  3:01  Drone  
  33  3:03  Drone  
  35  3:11  Spore Crawler  
  34  3:13  Drone  
  34  3:14  Drone  
  34  3:15  Drone x2  
  38  3:21  Overlord  
  38  3:22  Drone  
  38  3:26  Drone  
  40  3:29  Drone x2  
  40  3:32  Drone  
  43  3:38  Queen  
  45  3:46  Overlord  
  45  3:49  Drone x4  
  45  3:52  Drone  
  50  3:56  Lair  
  50  4:00  Spore Crawler  
  50  4:01  Drone  
  50  4:03  Drone  
  51  4:10  Overlord  
  51  4:11  Drone, Spore Crawler  
  51  4:12  Drone  
  52  4:19  Drone x3  
  52  4:21  Drone x2  
  57  4:25  Metabolic Boost  
  57  4:32  Roach Warren  
  57  4:33  Drone  
  57  4:35  Drone  
  57  4:36  Drone  
  59  4:39  Drone x2  
  59  4:42  Zergling x4  
  59  4:44  Zergling x2  
  64  4:47  Queen  
  64  4:51  Extractor  
  65  4:53  Extractor  
  65  4:59  Drone x4  
  71  5:00  Drone x3  
  71  5:02  Drone  
  71  5:06  Overlord  
  72  5:10  Drone x2  
  72  5:12  Evolution Chamber  
  73  5:16  Overlord  
  73  5:23  Drone  
  73  5:26  Overlord  
  73  5:28  Roach x4  
  82  5:30  Overlord  
  82  5:34  Drone x4, Queen  
  88  5:38  Extractor  
  88  5:40  Extractor  
  88  5:41  Extractor, Zerg Missile Weapons Level 1  
  85  5:44  Overlord  
  85  5:46  Roach  
  85  5:47  Roach x2  
  91  5:50  Drone x3  
  91  5:53  Glial Reconstitution  
  91  5:56  Overlord  
  94  6:00  Drone x3  
  94  6:01  Drone  
  98  6:06  Baneling Nest  
  98  6:07  Drone x3  
  96  6:23  Drone x2  
  96  6:25  Hatchery  
  96  6:26  Overlord  
  96  6:27  Roach  
  96  6:28  Roach  
  96  6:30  Roach x2  
  96  6:32  Roach  
  106  6:38  Overlord  
  106  6:40  Roach x3  
  106  6:42  Overlord  
  112  6:48  Roach  
  112  6:49  Roach x2  
  112  6:52  Overseer  
  118  6:55  Overlord  
  118  7:05  Zergling x20  
  128  7:10  Overlord  
  128  7:14  Zergling x6, Centrifical Hooks  
  131  7:16  Zergling x2  
  131  7:21  Zergling x10  
  137  7:28  Overlord  
  137  7:29  Zergling x6  
  140  7:33  Zergling x4  
  142  7:39  Zergling x2  
  142  7:42  Zergling x6  
  146  7:47  Queen  
  148  7:51  Zergling x2  
  148  7:52  Zergling x12  
  148  7:54  Spore Crawler  
  148  7:55  Overlord  
  154  8:07  Zergling x10  
  154  8:08  Overlord x4  
  159  8:14  Queen  
  159  8:15  Ravager x2  
  159  8:16  Overlord, Ravager x4  
  167  8:20  Baneling  
  167  8:21  Baneling x9  
  167  8:27  Overlord  
  167  8:29  Ravager x7  
  167  8:32  Baneling x8  
  174  8:36  Zerg Melee Weapons Level 1  
  174  8:37  Zergling x2  
  174  8:38  Zergling x4  
  176  8:46  Zergling x14  
  183  8:51  Overlord  
  183  8:53  Zergling x6  
  185  9:02  Overlord  
  185  9:03  Baneling  
  185  9:04  Baneling x9  
  185  9:06  Zergling x2  
  185  9:10  Overlord  
  185  9:17  Zergling x2  
  185  9:18  Zergling x12  
  192  9:24  Baneling  
  192  9:27  Zergling x4  
  192  9:28  Zergling x10  
  199  9:37  Zergling x2  
  198  9:41  Zergling x14  
  197  9:46  Zergling x2  
  197  9:52  Zergling x12  
  194  9:56  Zergling x2  
  194  9:57  Zergling x4  
  181  10:08  Zergling x10  
  181  10:14  Zergling x6  
  177  10:16  Baneling  
  177  10:17  Baneling x2  
  176  10:25  Baneling x8  
  176  10:33  Zergling x10  
  179  10:44  Zergling x14  
  179  10:46  Drone  
  175  10:55  Baneling  
  175  10:56  Baneling x11  
  175  11:03  Zergling x2  
  175  11:04  Zergling x6  
  174  11:07  Overlord  
  174  11:09  Zergling x2  
  166  11:22  Zergling x16  
  166  11:25  Zergling x4  
  166  11:28  Baneling x4  
  166  11:29  Baneling  
  166  11:32  Baneling x4  
  166  11:40  Baneling x11  
  164  11:50  Baneling x12  
  154  11:55  Zergling x6  
  156  12:01  Zergling x10  
  156  12:05  Zergling x2  
  156  12:06  Zergling x4  
  157  12:24  Hydralisk Den  
  157  12:26  Zergling x14  
  163  12:32  Zergling x8  
  165  12:37  Hatchery  
  165  12:40  Zergling x10  
  141  12:53  Zergling x2  
  141  12:54  Zergling x12  
  141  12:57  Zergling x2  
  142  13:00  Zergling x2  
  142  13:01  Zergling x2  
Show
View Real Time Build Order
Export as new Build Order

Ranger Protoss - Winner!

Build Orders: 1 Gate Expand, Oracle Opening, Archon Immortal 

Get SALT Encoding   

  12  0:00  Probe  
  13  0:12  Probe  
  14  0:19  Pylon  
  14  0:24  Probe  
  15  0:37  Probe (Chrono Boost)  
  15  0:40  Gateway  
  16  0:47  Probe (Chrono Boost)  
  16  0:48  Assimilator  
  17  0:52  Probe (Chrono Boost)  
  18  1:04  Probe  
  19  1:16  Probe  
  20  1:26  Nexus  
  20  1:37  Cybernetics Core  
  20  1:42  Assimilator  
  20  1:44  Probe  
  21  1:53  Pylon  
  21  1:58  Probe  
  22  2:10  Probe  
  22  2:11  Adept (Chrono Boost)  
  22  2:14  Warp Gate  
  26  2:22  Probe  
  26  2:30  Stargate  
  26  2:34  Adept  
  26  2:35  Probe (Chrono Boost)  
  29  2:40  Probe (Chrono Boost)  
  30  2:47  Probe (Chrono Boost)  
  32  2:51  Probe (Chrono Boost)  
  32  2:53  Probe (Chrono Boost)  
  32  2:56  Probe (Chrono Boost)  
  33  3:04  Stalker, Probe  
  37  3:13  Oracle (Chrono Boost)  
  37  3:17  Probe  
  39  3:24  Pylon, Probe  
  39  3:25  Gateway  
  40  3:29  Probe  
  41  3:37  Probe  
  41  3:40  Oracle (Chrono Boost)  
  42  3:42  Probe  
  42  3:44  Adept  
  48  3:48  Assimilator  
  48  3:49  Probe  
  48  3:53  Assimilator  
  48  3:54  Probe  
  50  3:56  Pylon  
  50  4:01  Probe  
  51  4:06  Probe  
  52  4:14  Oracle (Chrono Boost)  
  55  4:19  Nexus  
  55  4:22  Pylon  
  55  4:28  Adept  
  55  4:31  Probe x2  
  59  4:43  Probe x2  
  59  4:44  Robotics Facility  
  61  4:50  Phoenix (Chrono Boost)  
  63  4:55  Probe x2  
  65  5:04  Shield Battery  
  65  5:05  Pylon, Sentry x2  
  69  5:07  Assimilator, Probe  
  70  5:19  Twilight Council  
  70  5:21  Forge  
  70  5:23  Probe x2  
  72  5:35  Probe  
  73  5:36  Probe x2  
  73  5:39  Immortal (Chrono Boost)  
  79  5:45  Gateway  
  79  5:47  Probe, Sentry  
  82  5:51  Sentry  
  82  5:53  Charge (Chrono Boost)  
  82  5:54  Probe  
  82  5:55  Gateway  
  85  6:00  Probe  
  85  6:01  Protoss Ground Weapons Level 1 (Chrono Boost), Probe  
  87  6:04  Pylon  
  87  6:06  Probe  
  87  6:11  Warp Prism (Chrono Boost)  
  88  6:12  Probe  
  88  6:13  Probe  
  92  6:23  Probe  
  90  6:27  Probe x2  
  90  6:30  Assimilator  
  92  6:32  Gateway  
  92  6:33  Gateway  
  92  6:35  Pylon, Probe  
  92  6:39  Assimilator, Probe  
  94  6:41  Gateway x2  
  94  6:42  Pylon  
  94  6:45  Pylon, Probe  
  94  6:46  Observer (Chrono Boost)  
  96  6:50  Zealot x2  
  96  6:53  Templar Archives  
  100  6:54  Pylon  
  100  7:04  Zealot x2  
  100  7:07  Immortal (Chrono Boost)  
  104  7:12  Zealot x2  
  112  7:26  Pylon  
  112  7:31  Pylon  
  112  7:34  Psionic Storm  
  112  7:35  Photon Cannon  
  112  7:37  High Templar x4  
  113  7:40  Photon Cannon  
  113  7:41  Archon x2, Zealot, Shield Battery  
  113  7:42  Zealot x2  
  113  7:43  Zealot  
  127  7:54  Photon Cannon  
  127  7:58  Photon Cannon  
  127  8:06  High Templar x2, Zealot  
  127  8:07  Zealot  
  133  8:14  Zealot x3  
  133  8:15  Zealot  
  133  8:17  Protoss Ground Weapons Level 2  
  141  8:25  Pylon  
  141  8:29  High Templar, Pylon  
  141  8:32  Pylon, Nexus  
  141  8:33  Pylon  
  143  8:39  High Templar  
  143  8:40  Zealot x2  
  149  8:47  Immortal (Chrono Boost)  
  145  9:03  Stalker x2  
  145  9:04  Stalker x3  
  145  9:05  Zealot  
  145  9:06  Zealot  
  159  9:15  Probe x2  
  159  9:16  Immortal (Chrono Boost)  
  159  9:26  Robotics Facility  
  159  9:33  Zealot  
  159  9:34  Zealot  
  163  9:39  High Templar  
  163  9:40  High Templar, Photon Cannon  
  163  9:43  Shield Battery  
  155  9:53  High Templar  
  155  9:58  Archon, Stalker x2  
  151  10:02  Stalker  
  143  10:09  Probe x3  
  135  10:15  High Templar  
  135  10:16  Zealot x3  
  135  10:21  Probe x2  
  145  10:23  Blink  
  145  10:35  Nexus  
  143  10:37  Pylon  
  143  10:39  High Templar, Zealot x6  
  149  10:52  Immortal (Chrono Boost)  
  155  11:02  Immortal (Chrono Boost)  
  155  11:04  High Templar  
  155  11:05  Zealot x3  
  157  11:12  High Templar  
  157  11:13  Zealot x2  
  157  11:17  Shield Battery  
  163  11:22  High Templar  
  153  11:26  Pylon  
  153  11:29  Assimilator  
  151  11:33  Stalker x2  
  151  11:34  Assimilator  
  155  11:43  Stalker  
  155  11:49  Zealot x3  
  157  11:55  High Templar  
  157  11:56  Zealot  
  161  12:03  Stalker x2  
  161  12:07  Probe  
  164  12:09  Photon Cannon, Probe  
  164  12:11  Probe  
  164  12:12  Probe  
  167  12:18  Stalker  
  167  12:19  Stalker  
  167  12:21  High Templar x2  
  175  12:35  Zealot x4  
  179  12:51  High Templar  
  179  12:52  High Templar  
  163  13:00  Archon x4  
  163  13:01  Archon x2  
  139  13:06  Zealot x6  
Tags
 
Add a new tag
Caveats
  • Supply blocks, unpowered buildings, or Contaminate may cause inaccurate times.
  • Supply counts are checked every 10 seconds.